 Dungeon Crawl Stone Soup version 0.23.2 (webtiles) character file.

Game seed: 15183235056212632994

31 Kairos the Skirmisher (level 3, 30/30 HPs)
             Began as a Formicid Abyssal Knight on Apr 9, 2019.
             Was a Follower of Lugonu.
             Quit the game on level 1 of the Dungeon.
             The game lasted 00:03:34 (1182 turns).

Kairos the Skirmisher (Formicid Abyssal Knight)     Turns: 1182, Time: 00:03:35

Health: 30/30      AC:  5    Str: 22    XL:     3   Next: 40%
Magic:  4/4        EV: 11    Int: 11    God:    Lugonu [*.....]
Gold:   135        SH:  0    Dex: 10    Spells: 2/2 levels left

rFire    . . .     SeeInvis +   a - +1 spear
rCold    . . .     Gourm    .   (no shield)
rNeg     . . .     Faith    .   d - +0 ring mail
rPois    .         Spirit   .   (helmet unavailable)
rElec    .         Reflect  .   (no cloak)
rCorr    .         Harm     .   (no gloves)
MR       .....                  (no boots)
Stlth    ..........             (no amulet)
HPRegen  0.10/turn              (no ring)
MPRegen  0.09/turn              (no ring)

@: mighty, flying
A: permanent stasis, dig shafts and tunnels, four strong arms, antennae 3
a: Dig, Shaft Self, Depart the Abyss, Renounce Religion


You were on level 1 of the Dungeon.
You worshipped Lugonu.
Lugonu was aware of your devotion.
You were hungry.

You visited 1 branch of the dungeon, and saw 1 of its levels.
You visited the Abyss 1 time.

You collected 135 gold pieces.

Inventory:

Hand Weapons
 a - a +1 spear (weapon)
Armour
 b - a +0 leather armour
 d - a +0 ring mail (worn)
Scrolls
 g - 2 scrolls of teleportation
Comestibles
 c - a ration


   Skills:
 + Level 3.7 Fighting
 + Level 2.6 Polearms
 + Level 2.5 Armour
 + Level 1.0 Dodging
 + Level 2.4 Invocations


You had 2 spell levels left.
You didn't know any spells.
Your spell library was empty.

Dungeon Overview and Level Annotations

Branches:
Dungeon (1/15)

Altars:


Innate Abilities, Weirdness & Mutations

You cannot be hasted, slowed, berserked, paralysed or teleported.
You can dig through walls and to a lower floor.
Your four strong arms can wield two-handed weapons with a shield.
You have a pair of large antennae on your head. (SInv)


Message History

No target in view!
No target in view!
As you read the scroll labeled PUSU XUNALUERI, it crumbles to dust.
It is a scroll of identify.
g - 2 scrolls of teleportation
As you read the scroll labeled ZUBOCHESMI, it crumbles to dust.
You hear a loud clanging noise!
It was a scroll of noise.
Unknown command.
As you read the scroll labeled COAGOCKIUNG, it crumbles to dust.
You feel momentarily disoriented.
It was a scroll of magic mapping.
As you read the scroll labeled JUC XOSHRURCH, it crumbles to dust.
The scroll dissolves into smoke.
It was a scroll of fog.
It was a potion of might.
You feel very mighty all of a sudden.
It was a potion of flight.
You feel very buoyant.
You fly up into the air.
You are feeling hungry.
Are you sure you want to abandon this character and quit the game? (Confirm with "yes".)

#### #... ### #.##
######.## #.#.
#.......# #.#.
####.####.#####.#.
#§§§....#.........
#@##.##.##########
#§##.##.#
#§##.##.# #######
#.##^##.# #.....#
#.##.##.# ##.....#
#.......# #.......
#..#.##.# #.......
#..#.##.# #.......
#..#.##.###.##.##.


There were no monsters in sight!

Vanquished Creatures
  An ufetubus (Abyss:2)
  A dart slug (D:1)
  A leopard gecko (D:1)
  3 bats (D:1)
  2 giant cockroaches (D:1)
  3 goblins (D:1)
  4 hobgoblins (D:1)
  3 jackals (D:1)
  A frilled lizard (D:1)
  A kobold (D:1)
20 creatures vanquished.

Vanquished Creatures (others)
  A lurking horror (Abyss:2)
  4 starspawn tentacles (Abyss:2)
5 creatures vanquished.

Grand Total: 25 creatures vanquished

Notes
Turn   | Place    | Note
-------+----------+-------------------------------------------
     0 | Abyss:1  | Kairos the Formicid Abyssal Knight began the quest for the
                  | Orb.
     0 | Abyss:1  | Reached XP level 1. HP: 18/18 MP: 2/2
    63 | Abyss:1  | Noticed a rime drake
    63 | Abyss:1  | Noticed a small abomination
    70 | Abyss:1  | Noticed a tengu
   112 | Abyss:1  | Found a corrupted altar of Lugonu.
   199 | Abyss:2  | Found a corrupted altar of Lugonu.
   257 | Abyss:2  | Noticed a bone dragon
   276 | Abyss:2  | Noticed a large abomination
   291 | Abyss:2  | Noticed a tentacled starspawn
   312 | Abyss:2  | Noticed a raiju
   315 | D:1      | Escaped the Abyss
   559 | D:1      | Reached XP level 2. HP: 19/24 MP: 3/3
   641 | D:1      | Reached skill level 1 in Dodging
   761 | D:1      | Reached XP level 3. HP: 18/30 MP: 4/4
   967 | D:1      | Reached * piety under Lugonu
  1182 | D:1      | Quit the game

Skill      XL: |  1  2 |
---------------+-------+-----
Dodging        | 1 |  1.0
Fighting       | |  3.7
Polearms       | |  2.6
Armour         | |  2.5
Invocations    | |  2.4

Action                   || total
-------------------------++-------
Melee: Spear             ||    84
Invok: Depart the Abyss  ||     1
 Abil: Dig               ||    10
  Use: Potion            ||     4
       Scroll            ||     5
  Eat: Chunk             ||     1
Armor: Leather armour    ||    15
       Ring mail         ||     3
Dodge: Dodged            ||    53
